 Dungeon Crawl Stone Soup version 0.25-a0-611-g6918904 (webtiles) character file.

Game seed: 11678303798772331280, levelgen mode: deterministic

11031 MrTaco21 the Basher (level 11, -9/64 HPs)
             Began as a Gargoyle Fighter on Mar 16, 2020.
             Was a Priest of Qazlal.
             Killed by divine providence
             ... invoked by an orc priest
              (14 damage)
             ... on level 10 of the Dungeon.
             The game lasted 00:31:09 (12255 turns).

MrTaco21 the Basher (Gargoyle Fighter)             Turns: 12255, Time: 00:31:10

Health: -9/64      AC: 23    Str: 22    XL:     11   Next: 71%
Magic:  0/13       EV: 10    Int: 10    God:    Qazlal [***...]
Gold:   945        SH: 15    Dex:  9    Spells: 10/10 levels left

rFire    . . .     SeeInvis .   K - +4 flail (freeze)
rCold    . . .     Gourm    .   c - +0 kite shield
rNeg     + + .     Faith    .   B - +0 acid dragon scales
rPois    ∞         Spirit   +   s - +2 helmet
rElec    +         Reflect  .   Q - +1 cloak {+Inv}
rCorr    +         Harm     .   x - +0 pair of gloves
MR       .....                  D - +0 pair of boots
Stlth    +.........             n - amulet of guardian spirit
HPRegen  0.20/turn              C - ring of Sovereignty {rPois rN+}
MPRegen  0.13/turn              h - ring of flight

@: no status effects
A: negative energy resistance 1, electricity resistance, unbreathing,
petrification resistance, rot immunity, AC +8
a: Upheaval, Elemental Force, Renounce Religion, Evoke Invisibility, Evoke
Flight


You were on level 10 of the Dungeon.
You worshipped Qazlal.
Qazlal was most pleased with you.
You were very hungry.

You visited 2 branches of the dungeon, and saw 12 of its levels.
You also visited: Bailey.

You collected 945 gold pieces.

Inventory:

Hand Weapons
 K - a +4 flail of freezing (weapon)
   (You took it off a wight on level 10 of the Dungeon)
 O - the +7 broad axe of Greed {vorpal, Fragile rPois rF+ Str+4 Dex+2}
   (You found it in a bailey)

   It inflicts extra damage upon your enemies.
   It affects your strength (+4).
   It affects your dexterity (+2).
   It protects you from fire.
   It protects you from poison.
   It will be destroyed if unequipped.
Missiles
 a - 2 throwing nets (quivered) {!f}
Armour
 c - a +0 kite shield (worn)
 s - a +2 helmet (worn)
   (You took it off Robin on level 3 of the Dungeon)
 x - a +0 pair of gloves (worn)
   (You found it on level 5 of the Dungeon)
 B - +0 acid dragon scales (worn)
   (You took it off Maggie on level 6 of the Dungeon)
 D - a +0 pair of boots (worn)
   (You found it on level 6 of the Dungeon)
 Q - a +1 cloak of invisibility (worn)
   (You took it off Maurice on level 11 of the Dungeon)
Jewellery
 h - a ring of flight (right hand)
   (You found it on level 11 of the Dungeon)
 n - an amulet of guardian spirit (around neck)
   (You found it on level 2 of the Dungeon)
 C - the ring of Sovereignty (left hand) {rPois rN+}
   (You found it on level 6 of the Dungeon)

   [ring of poison resistance]

   It protects you from poison.
   It protects you from negative energy.
 E - an uncursed amulet of rage
   (You found it on level 10 of the Dungeon)
Wands
 d - a wand of iceblast (30)
   (You found it on level 3 of the Dungeon)
 t - a wand of flame (34)
   (You found it on level 7 of the Dungeon)
 u - a wand of paralysis (5)
   (You took it off Maurice on level 11 of the Dungeon)
 R - a wand of clouds (5)
   (You took it off an orc on level 9 of the Dungeon)
Scrolls
 b - a scroll of fear {unknown}
 j - 2 scrolls of noise {!r}
 l - 3 scrolls of immolation {!r}
 m - 4 scrolls of amnesia
 o - 5 scrolls of remove curse {@r2}
 p - 3 scrolls of enchant weapon
 q - 7 scrolls of blinking
 w - 2 scrolls of fog {unknown}
 y - 3 scrolls of magic mapping
 G - 2 scrolls of acquirement {unknown}
 I - a scroll of teleportation {unknown}
 P - a scroll of identify {@r1}
Potions
 f - 2 potions of degeneration {!q}
 g - 4 potions of might
 i - 5 potions of brilliance
 k - 5 potions of curing {@q1}
 r - a potion of invisibility {unknown}
 v - 2 potions of haste {@q3}
 z - a potion of magic {unknown}
 A - a potion of mutation {!q}
 F - a potion of resistance {unknown}
 H - a potion of flight {unknown}
 J - a potion of ambrosia {unknown}
 L - a potion of experience {unknown}
 M - a potion of stabbing {unknown}
 N - 3 potions of heal wounds {unknown}
Comestibles
 e - 24 rations {!d}


   Skills:
 + Level 5.2 Fighting
 - Level 14.0 Maces & Flails
 + Level 5.2 Armour
 + Level 10.4 Shields
 + Level 3.8 Invocations


You had 10 spell levels left.
You didn't know any spells.
Your spell library contained the following spells:

 Spells                   Type           Power        Failure   Level  Hunger
 Animate Skeleton         Necr           N/A          65%         1    ##.....
 Corona                   Hex            #......      65%         1    ##.....
 Pain                     Necr           #...         65%         1    ##.....
 Sting                    Tmut/Pois      #...         65%         1    ##.....
 Ensorcelled Hibernation  Hex/Ice        #.....       78%         2    ###....
 Poisonous Vapours        Pois/Air       #.....       78%         2    ###....
 Confusing Touch          Hex            #.......     95%         3    ####...
 Dazzling Flash           Conj/Hex       #.....       95%         3    ####...
 Ignite Poison            Fire/Tmut/Pois #.......     95%         3    ####...
 Mephitic Cloud           Conj/Pois/Air  #.......     95%         3    ####...
 Tukima's Dance           Hex            #.......     95%         3    ####...
 Vampiric Draining        Necr           #.........   95%         3    ####...
 Animate Dead             Necr           N/A          100%        4    #####..
 Olgreb's Toxic Radiance  Pois           #.......     100%        4    #####..
 Agony                    Necr           #.......     100%        5    ######.


Dungeon Overview and Level Annotations

Branches:
Dungeon (11/15)            Temple (1/1) D:7            Lair (0/6) D:8
 Bailey (visited)
    Orc: D:9-12

Altars:
Ashenzari
Cheibriados
Dithmenos
Elyvilon
Fedhas
Gozag
Hepliaklqana
Kikubaaqudgha
Makhleb
Nemelex Xobeh
Okawaru
Qazlal
Ru
Sif Muna
Trog
Uskayaw
Vehumet
Wu Jian
Xom
Yredelemnul
Zin
The Shining One

Shops:
D:6 :

Portals:
Trove: D:10 (give 2 scrolls of acquirement)

Annotations:
D:3 1 runed translucent door, Caerwyn's ghost, amateur GrEE
D:9 3 runed translucent doors, Mango's ghost, novice GnSu
D:11 2 transporters, Faels's ghost, novice FoFi


Innate Abilities, Weirdness & Mutations

You are resistant to torment.
Your stone body is resilient. (AC +8)
You are immune to poison.
You resist negative energy. (rN+)
You are resistant to electric shocks. (rElec)
You can survive without breathing.
You are immune to petrification.
You are immune to rotting.


Message History

An orc priest comes into view. It is wielding a +0 hand axe.
The orc priest shouts!
You hear a shout!
An orc priest comes into view. It is wielding a +0 dagger.
An orc comes into view. It is wielding a +0 club.
The orc priest invokes the aid of Beogh against you.
Beogh smites you!
The orc priest invokes the aid of Beogh against you.
Beogh smites you!
* * * LOW HITPOINT WARNING * * *
The big kobold zaps a wand.
An orc priest comes into view. It is wielding a +0 dagger.
The orc priest shouts!
You hear a shout!
The orc priest looks braver for a moment.
The orc priest mumbles some strange prayers to Beogh against you.
Beogh smites you!
* * * LOW HITPOINT WARNING * * *
The orc priest invokes the aid of Beogh against you.
You struggle to resist.
You hear a shout!
The orc priest calls down the wrath of Beogh upon you.
Beogh smites you!
* * * LOW HITPOINT WARNING * * *
Things that are here:
a +0 short sword; a kobold skeleton The orc priest hits you but does no damage.
An orc comes into view. It is wielding a +0 falchion.
The orc priest hits you but does no damage.
There is a stone staircase leading up here.
Something hits you but does no damage.
The orc priest mumbles some strange prayers to Beogh against you.
Pain shoots through your body!
* * * LOW HITPOINT WARNING * * *
The orc priest hits you but does no damage.
The orc priest calls down the wrath of Beogh upon you.
Something writhes in agony!
You climb upwards.
Reactivating autopickup.
There is a stone staircase leading down here.
You see here a +0 dagger of venom.
Okay, then.
You feel better. Something hits you.
* * * LOW HITPOINT WARNING * * *
Something shocks you. You resist.
* * * LOW HITPOINT WARNING * * *
Deactivating autopickup; reactivate with Ctrl-A.
The orc priest closely misses you.
The orc priest invokes the aid of Beogh against you.
Beogh smites you!
You die...

#+## #.#.#.## #.........# ...##
#..###.# ##........## ....##
###.#.## #........## .....##
##......# #.#.######.
......####...#.#.######..........
......+..........................
......####...#.#.######÷...####..
.....## ##....#o# #...### #..
....## ##..##@# #.....# #.# ...##
#...o{# ##.##.# #.# #'## ##.####
#.##.###.# #.# #.# #........# #.#
#.# ####.##### #.## #.# #.# ...##
#.# #.# # ....# #.# #.# # ...##
#.# #.#####


You could see 2 orc priests.

Vanquished Creatures
  An orc warlord (Bailey)
  An orc knight (Bailey)
  A manticore (D:11)
  An ugly thing (D:11)
  Maurice (D:11)
  Maggie (D:6)
  A hornet (D:11)
  A hippogriff (D:6)
  A human (D:10)
  7 yaks
  4 hogs
  An acid dragon (D:11)
  6 orc warriors
  3 porcupines (D:8)
  A necrophage (D:10)
  An ice beast (D:8)
  4 sky beasts
  A phantom (D:11)
  2 black bears
  7 ogres
  4 centaurs
  2 crocodiles
  Blork the orc (D:5)
  5 bullfrogs
  A wyvern skeleton (D:7)
  4 scorpions
  5 killer bees (D:10)
  16 wights
  A bullfrog zombie (D:9)
  A crimson imp (D:6)
  2 centaur skeletons
  2 jellies
  5 hounds
  3 centaur zombies
  8 orc priests
  A bullfrog skeleton (D:7)
  A gnoll shaman (D:8)
  9 orc wizards
  Ijyb (D:5)
  Terence (D:2)
  An iguana (D:6)
  4 worker ants
  A human simulacrum (D:11)
  A hound skeleton (D:8)
  3 worker ant zombies
  Robin (D:3)
  13 gnolls
  7 adders
  3 shadow imps
  An ooze (D:2)
  An adder zombie (D:9)
  4 worms
  38 orcs
  2 giant cockroaches
  22 goblins
  13 hobgoblins
  4 jackals
  19 kobolds
  9 quokkas
  6 bats
  6 frilled lizards
  A leopard gecko skeleton (D:9)
  A quokka zombie (D:5)
  3 rats
283 creatures vanquished.

Vanquished Creatures (others)
  An orc wizard (D:6)
  A human simulacrum (D:11)
  10 fungi (D:8)
  2 plants (D:8)
14 creatures vanquished.

Grand Total: 297 creatures vanquished

Notes
Turn   | Place    | Note
-------+----------+-------------------------------------------
     0 | D:1      | MrTaco21 the Gargoyle Fighter began the quest for the Orb.
     0 | D:1      | Reached XP level 1. HP: 14/14 MP: 1/1
   156 | D:1      | Reached XP level 2. HP: 13/19 MP: 2/2
   305 | D:1      | Reached skill level 3 in Maces & Flails
   526 | D:2      | Reached XP level 3. HP: 23/23 MP: 3/3
   668 | D:2      | Reached skill level 4 in Maces & Flails
   709 | D:2      | Reached XP level 4. HP: 28/28 MP: 4/4
  1263 | D:2      | Reached skill level 5 in Maces & Flails
  1263 | D:2      | Reached XP level 5. HP: 20/32 MP: 2/5
  1329 | D:2      | Noticed Terence
  1339 | D:2      | Killed Terence
  1540 | D:3      | Found a runed translucent door.
  1540 | D:3      | Noticed Caerwyn's ghost (amateur GrEE)
  1611 | D:3      | Noticed Robin
  1633 | D:3      | Killed Robin
  2077 | D:3      | Reached skill level 6 in Maces & Flails
  2077 | D:3      | Reached XP level 6. HP: 36/37 MP: 6/6
  2878 | D:4      | Found a shadowy altar of Dithmenos.
  3179 | D:4      | Reached skill level 7 in Maces & Flails
  3179 | D:4      | Reached XP level 7. HP: 40/41 MP: 7/7
  3188 | D:5      | Entered Level 5 of the Dungeon
  3246 | D:5      | Found a sparkling altar of Nemelex Xobeh.
  3404 | D:5      | Reached skill level 8 in Maces & Flails
  3619 | D:5      | Noticed Blork the orc
  3630 | D:5      | Killed Blork the orc
  3666 | D:5      | Noticed Ijyb
  3716 | D:4      | Reached skill level 9 in Maces & Flails
  3716 | D:4      | Reached XP level 8. HP: 13/46 MP: 6/8
  3949 | D:5      | Killed Ijyb
  4459 | D:6      | Reached skill level 10 in Maces & Flails
  4498 | D:6      | Noticed Maggie
  4558 | D:6      | Killed Maggie
  4795 | D:6      | Reached skill level 11 in Maces & Flails
  4825 | D:6      | Reached XP level 9. HP: 43/51 MP: 7/9
  4853 | D:6      | Noticed a two-headed ogre
  4949 | D:6      | Got a transparent tin ring
  4950 | D:6      | Identified the ring of Sovereignty {rPois rN+} (You found
                  | it on level 6 of the Dungeon)
  4964 | D:6      | Found a shattered altar of Ashenzari.
  4965 | D:6      | Found a basalt altar of Yredelemnul.
  5221 | D:6      | Found Ufipniz's Book Shop.
  5729 | D:6      | Got a smoking rapier
  6176 | D:7      | Identified the +4 rapier "Enest" {flame, rPois Str+4} (You
                  | found it on level 6 of the Dungeon)
  6271 | D:6      | Reached skill level 12 in Maces & Flails
  6579 | D:7      | You fall into a shaft and drop 1 floor!
  6829 | D:8      | Reached skill level 5 in Shields
  7019 | D:8      | Reached XP level 10. HP: 11/56 MP: 3/10
  7399 | D:7      | Found a staircase to the Ecumenical Temple.
  7426 | Temple   | Entered the Ecumenical Temple
  7584 | Temple   | Became a worshipper of Qazlal Stormbringer
  8089 | D:8      | Reached skill level 13 in Maces & Flails
  8167 | D:8      | Found a staircase to the Lair.
  8661 | D:8      | Found a radiant altar of Vehumet.
  8662 | D:8      | Found a hide-covered altar of Uskayaw.
  8935 | D:9      | Reached * piety under Qazlal
  9210 | D:9      | Found a runed translucent gate.
  9210 | D:9      | Found a runed translucent gate.
  9211 | D:9      | Found a runed translucent gate.
  9211 | D:9      | Noticed Mango's ghost (novice GnSu)
  9451 | D:10     | Entered Level 10 of the Dungeon
  9616 | D:10     | Found a portal to a secret trove of treasure.
 10646 | D:11     | Found a flagged portal.
 10667 | Bailey   | Entered a bailey
 10672 | Bailey   | Noticed an orc warlord
 10686 | Bailey   | Reached ** piety under Qazlal
 10695 | Bailey   | Reached XP level 11. HP: 60/60 MP: 11/11
 10732 | Bailey   | Noticed an orc knight
 10758 | Bailey   | Killed an orc knight
 10758 | Bailey   | Reached skill level 14 in Maces & Flails
 10923 | Bailey   | Found a runed translucent gate.
 10923 | Bailey   | Found a runed translucent gate.
 10944 | Bailey   | Found a runed translucent gate.
 11040 | Bailey   | Killed an orc warlord
 11288 | Bailey   | Got a pitted broad axe
 11489 | D:11     | Identified the +7 broad axe of Greed {vorpal, Fragile rPois
                  | rF+ Str+4 Dex+2} (You found it in a bailey)
 11525 | D:11     | Reached skill level 10 in Shields
 11693 | D:11     | Found a transporter.
 11697 | D:11     | Noticed a manticore
 11700 | D:11     | Identified the +5 long sword of Satyriasis {chaos, +Fly rF+
                  | Int+4}
 11700 | D:11     | Noticed a tengu warrior
 11718 | D:11     | Noticed Maurice
 11731 | D:11     | Killed Maurice
 11830 | D:11     | Reached *** piety under Qazlal
 11837 | D:11     | Found a transporter.
 11837 | D:11     | Noticed a two-headed ogre
 11838 | D:11     | Noticed Faels's ghost (novice FoFi)
 11845 | D:11     | Noticed a moth of wrath
 11885 | D:11     | Killed a manticore
 11885 | D:11     | Reached skill level 5 in Fighting
 11885 | D:11     | Reached skill level 5 in Armour
 12193 | D:11     | Noticed a white ugly thing
 12210 | D:11     | Killed a white ugly thing
 12251 | D:11     | HP: 2/64 [orc priest/divine providence (12)]
 12255 | D:10     | Killed from afar by an orc priest

Levels and vault maps discovered:
D:1:      ebering_trefoil_twist, layout_rooms
D:2:      layout_basic, grunt_ministairs_14, uniq_terence
D:3:      layout_basic, ebering_ghost_reflecting_pool, uniq_robin
D:4:      layout_cave_pods, overflow_temple_1_default, kennysheep_cross_room
D:5:      minmay_inner_zag, layout_cave_pods, old_standard_altar, first_ration,
          uniq_ijyb, uniq_blork_the_orc
D:6:      kennysheep_six_static_rooms, layout_loops_corners,
          chequers_temple_overflow_statue_of_worship, serial_shops,
          kennysheep_little_box, nicolae_zen_rock_garden, uniq_maggie
D:7:      layout_rooms, minmay_temple_entry_junction_2, serial_aquarium,
          aquarium_bridge_square [aquarium_subvault_bridge,
          aquarium_subvault_wall, aquarium_subvault_window,
          aquarium_subvault_wall], aquarium_window_1, aquarium_window_corner,
          aquarium_window_2, aquarium_view_2b, aquarium_view_2g
D:8:      layout_cave_pods, minitemple, due_lair_maze_entry_diamond
D:9:      layout_loops_ring, gammafunk_ghost_spectres
D:10:     layout_loops_corners, nicolae_trove_entry_free_sample, grunt_livestock
D:11:     statuecave_lemuel, layout_stronghold, enter_bailey_3,
          gammafunk_ghost_wrathful_warriors, minmay_misc_feat_alley,
          bh_circular_ruins, uniq_maurice
Temple:   regret_index_temple_sphere_string

Skill      XL: |  1  2  3  4  5  6  7  8  9 10 11 |
---------------+----------------------------------+-----
Maces & Flails | 3 4 5 6 7 9 11 12 13 14 | 14.0
Shields        | 6 9 10 | 10.4
Fighting       | 5 |  5.2
Armour         | 5 |  5.2
Invocations    | 3 |  3.8

Action                   |  1- 3 |  4- 6 |  7- 9 | 10-12 || total
-------------------------+-------+-------+-------+-------++-------
Melee: Flail             |   106 |   245 |   481 |   595 ||  1427
  Use: Scroll            |     1 |     3 |     9 |     5 ||    18
       Potion            |       |       |       |     2 ||     2
 Stab: Distracted        |       |     1 |       |       ||     1
  Eat: Chunk             |       |     8 |    13 |    12 ||    33
       Ration            |       |       |       |     1 ||     1
Armor: Scale mail        |    55 |   115 |    81 |       ||   251
       Acid dragon scale |       |       |   143 |   214 ||   357
Dodge: Dodged            |    29 |    77 |   128 |   197 ||   431
Block: Kite shield       |    50 |   106 |   215 |   375 ||   746

Table legend:
 A = Non-vault XP
 B = Vault XP
 C = Vault XP percentage of total XP
 D = Non-vault monster count
 E = Vault monster count
 F = Vault count percentage of total count
                 A         B        C        D         E       F
            +---------+---------+-------+---------+---------+-------
      Total |    9001 |    6758 |  42.9 |     218 |      66 |  23.2
            +---------+---------+-------+---------+---------+-------
        D:1 |      27 |       0 |   0.0 |      18 |       0 |   0.0
        D:2 |     172 |      42 |  19.6 |      29 |       3 |   9.4
        D:3 |      75 |      35 |  31.8 |      13 |      11 |  45.8
        D:4 |     401 |       0 |   0.0 |      13 |       0 |   0.0
        D:5 |     563 |     321 |  36.3 |      17 |       6 |  26.1
        D:6 |     838 |     461 |  35.5 |      16 |       4 |  20.0
        D:7 |     604 |       0 |   0.0 |      17 |       0 |   0.0
        D:8 |    1158 |    1398 |  54.7 |      25 |      10 |  28.6
        D:9 |     768 |     392 |  33.8 |      22 |       2 |   8.3
       D:10 |    1273 |     591 |  31.7 |      23 |       3 |  11.5
       D:11 |    3122 |     501 |  13.8 |      25 |       6 |  19.4
     Bailey |       0 |    3017 | 100.0 |       0 |      21 | 100.0
            +---------+---------+-------+---------+---------+-------
